APL (24 & UNDER)
MONTGOMERY GREY SOX @ STATE COLLEGE SPIKES
09/27/2026
 
TOP OF THE 1ST
Montgomery Grey Sox batting - Pitching for State College Spikes : LHP Alberto Ruíz
Pitching: LHP Alberto Ruíz
Batting: RHB José Montoya 0-0: Ball
1-0: Ground out 4-3 (Groundball, 13)
Batting: RHB Frederick Curtis 0-0: Called Strike
0-1: Swinging Strike
0-2: Foul Ball, location: 2F
0-2: Strikes out swinging
Batting: RHB José Carlos Caraballo 0-0: Ball
1-0: Ball
2-0: Swinging Strike
2-1: Ball
3-1: Foul Ball, location: 2F
3-2: Foul Ball, location: 2F
3-2: Fly out, F7 (Flyball, 78S)
Top of the 1st over - 0 run(s), 0 hit(s), 0 error(s), 0 left on base; Montgomery 0 - State College 0
BOTTOM OF THE 1ST
State College Spikes batting - Pitching for Montgomery Grey Sox : RHP Gabriel Oliuo
Pitching: RHP Gabriel Oliuo
Batting: RHB Alonzo Herrera 0-0: Called Strike
0-1: Ball
1-1: Ball
2-1: Foul Ball, location: 2F
2-2: Fly out, F8 (Flyball, 8RD)
Batting: SHB Thomas Simmons 0-0: Called Strike
0-1: SINGLE (Line Drive, 8RS)
Batting: SHB Clint Woods 0-0: Ball
1-0: Ball
Thomas Simmons steals 2nd base
2-0: Called Strike
2-1: Fly out, F6 (Popup, 6MD)
Batting: RHB Mike Ingram 0-0: Called Strike
0-1: Foul Ball, location: 2F
0-2: Ball
1-2: Foul Ball, location: 2F
1-2: Strikes out swinging
Bottom of the 1st over - 0 run(s), 1 hit(s), 0 error(s), 1 left on base; Montgomery 0 - State College 0
TOP OF THE 2ND
Montgomery Grey Sox batting - Pitching for State College Spikes : LHP Alberto Ruíz
Batting: SHB Marvin López 0-0: Ball
1-0: Ball
2-0: Ball
3-0: Base on Balls
Batting: RHB Bryant von Bohlen 0-0: Foul Ball, location: 2F
0-1: Called Strike
0-2: Foul Ball, location: 2F
0-2: Foul Ball, location: 2F
0-2: Ground out 6-3 (Groundball, 6S)
Marvin López to second
Batting: LHB Bob Jones 0-0: Ball
1-0: Called Strike
1-1: Foul Ball, location: 2F
1-2: Foul Ball, location: 2F
1-2: Foul Ball, location: 2F
1-2: Ball
2-2: Ball
3-2: Foul Ball, location: 2F
3-2: Strikes out swinging
Batting: SHB Joe Pierce 0-0: Swinging Strike
0-1: Ball
1-1: Swinging Strike
1-2: Ball
2-2: Strikes out swinging
Top of the 2nd over - 0 run(s), 0 hit(s), 0 error(s), 1 left on base; Montgomery 0 - State College 0
BOTTOM OF THE 2ND
State College Spikes batting - Pitching for Montgomery Grey Sox : RHP Gabriel Oliuo
Batting: RHB Eric Knight 0-0: Ball
1-0: Called Strike
1-1: Ground out U3 (Groundball, 3)
Batting: LHB Rod Blevins 0-0: Ball
1-0: Swinging Strike
1-1: Ball
2-1: Ground out 4-3 (Groundball, 4)
Batting: RHB Javier Peña 0-0: Ball
1-0: Foul Ball, location: 2F
1-1: Called Strike
1-2: Ground out 6-3 (Groundball, 6)
Bottom of the 2nd over - 0 run(s), 0 hit(s), 0 error(s), 0 left on base; Montgomery 0 - State College 0
TOP OF THE 3RD
Montgomery Grey Sox batting - Pitching for State College Spikes : LHP Alberto Ruíz
Batting: SHB Hoyt Norris 0-0: Ball
1-0: Ball
2-0: Swinging Strike
2-1: Ball
3-1: Fly out, F4 (Line Drive, 4)
Batting: RHB Félix Cruz 0-0: Ground out 5-3 (Groundball, 5S)
Batting: RHB José Montoya 0-0: Ball
1-0: Swinging Strike
1-1: Swinging Strike
1-2: Foul Ball, location: 2F
1-2: SINGLE (Groundball, 5L)
Batting: RHB Frederick Curtis 0-0: Called Strike
0-1: Foul Ball, location: 2F
0-2: SINGLE (Flyball, 4MD)
José Montoya to second
Runner from 2nd tries for 3rd, SAFE, no throw or cutoff
Batting: RHB José Carlos Caraballo 0-0: Called Strike
0-1: Ball
1-1: Fly out, F8 (Popup, 8RS)
Top of the 3rd over - 0 run(s), 2 hit(s), 0 error(s), 2 left on base; Montgomery 0 - State College 0
BOTTOM OF THE 3RD
State College Spikes batting - Pitching for Montgomery Grey Sox : RHP Gabriel Oliuo
Batting: RHB Nick Mackin 0-0: Ground out 6-3 (Groundball, 6)
Batting: RHB Joaquín Vásquez 0-0: Ball
1-0: Called Strike
1-1: Ball
2-1: Foul Ball, location: 2F
2-2: Hit by Pitch
Batting: RHB Alonzo Herrera 0-0: Ball
1-0: Swinging Strike
1-1: Ball
2-1: Ball
3-1: Called Strike
3-2: Foul Ball, location: 2F
3-2: Foul Ball, location: 2F
3-2: Grounds into double play, U6-3 (Groundball, 6M)
Bottom of the 3rd over - 0 run(s), 0 hit(s), 0 error(s), 0 left on base; Montgomery 0 - State College 0
TOP OF THE 4TH
Montgomery Grey Sox batting - Pitching for State College Spikes : LHP Alberto Ruíz
Batting: SHB Marvin López 0-0: Fly out, F8 (Flyball, 78D)
Batting: RHB Bryant von Bohlen 0-0: Fly out, F7 (Line Drive, 7S)
Batting: LHB Bob Jones 0-0: Ball
1-0: Foul Ball, location: 2F
1-1: Foul Ball, location: 2F
1-2: Strikes out swinging
Top of the 4th over - 0 run(s), 0 hit(s), 0 error(s), 0 left on base; Montgomery 0 - State College 0
BOTTOM OF THE 4TH
State College Spikes batting - Pitching for Montgomery Grey Sox : RHP Gabriel Oliuo
Batting: SHB Thomas Simmons 0-0: Called Strike
0-1: Foul Ball, location: 2F
0-2: Foul Ball, location: 2F
0-2: SOLO HOME RUN (Flyball, 9D), Distance : 425 ft
Batting: SHB Clint Woods 0-0: Called Strike
0-1: Swinging Strike
0-2: Foul Ball, location: 2F
0-2: Strikes out swinging
Batting: RHB Mike Ingram 0-0: Ball
1-0: Ball
2-0: Swinging Strike
2-1: Ball
3-1: Ground out 1-3 (Groundball, 15S)
Batting: RHB Eric Knight 0-0: Ball
1-0: Foul Ball, location: 2F
1-1: Ball
2-1: Ground out 6-3 (Groundball, 6)
Bottom of the 4th over - 1 run(s), 1 hit(s), 0 error(s), 0 left on base; Montgomery 0 - State College 1
TOP OF THE 5TH
Montgomery Grey Sox batting - Pitching for State College Spikes : LHP Alberto Ruíz
Batting: SHB Joe Pierce 0-0: Called Strike
0-1: Foul Ball, location: 2F
0-2: Hit by Pitch
Batting: SHB Hoyt Norris 0-0: Swinging Strike
0-1: Called Strike
0-2: Foul Ball, location: 2F
0-2: Ball
1-2: Strikes out swinging
Batting: RHB Félix Cruz 0-0: Ball
1-0: Ball
2-0: Foul Ball, location: 2F
2-1: Called Strike
2-2: Fielders Choice at 2nd, 6-4 (Groundball, 6M)
Batting: RHB José Montoya 0-0: Ball
1-0: Ball
2-0: Ball
3-0: Called Strike
3-1: Ground out 5-3 (Groundball, 5)
Top of the 5th over - 0 run(s), 0 hit(s), 0 error(s), 1 left on base; Montgomery 0 - State College 1
BOTTOM OF THE 5TH
State College Spikes batting - Pitching for Montgomery Grey Sox : RHP Gabriel Oliuo
Batting: LHB Rod Blevins 0-0: Foul Ball, location: 2F
0-1: Ball
1-1: Ball
2-1: Swinging Strike
2-2: Ball
3-2: Base on Balls
Batting: RHB Javier Peña 0-0: Ball
1-0: Foul Ball, location: 2F
1-1: Ball
2-1: Swinging Strike
2-2: Ball
3-2: Foul Ball, location: 2F
3-2: Grounds into double play, 5-4-3 (Groundball, 56)
Batting: RHB Nick Mackin 0-0: Ball
1-0: Swinging Strike
1-1: Ball
2-1: Ground out 4-3 (Groundball, 4M)
Bottom of the 5th over - 0 run(s), 0 hit(s), 0 error(s), 0 left on base; Montgomery 0 - State College 1
TOP OF THE 6TH
Montgomery Grey Sox batting - Pitching for State College Spikes : LHP Alberto Ruíz
Batting: RHB Frederick Curtis 0-0: Ground out 5-3 (Groundball, 5S)
Batting: RHB José Carlos Caraballo 0-0: Ball
1-0: Foul Ball, location: 2F
1-1: Ground out 4-3 (Groundball, 4M)
Batting: SHB Marvin López 0-0: Foul Ball, location: 2F
0-1: Ball
1-1: Ball
2-1: Ball
3-1: Fly out, F8 (Flyball, 8LXD)
Top of the 6th over - 0 run(s), 0 hit(s), 0 error(s), 0 left on base; Montgomery 0 - State College 1
BOTTOM OF THE 6TH
State College Spikes batting - Pitching for Montgomery Grey Sox : RHP Gabriel Oliuo
Batting: RHB Joaquín Vásquez 0-0: Swinging Strike
0-1: Swinging Strike
0-2: Ground out 4-3 (Groundball, 4M)
Batting: RHB Alonzo Herrera 0-0: Ball
1-0: Called Strike
1-1: Ball
2-1: Ball
3-1: Foul Ball, location: 2F
3-2: SINGLE (Line Drive, 89S)
Batting: SHB Thomas Simmons 0-0: Ball
1-0: Called Strike
1-1: Ball
Alonzo Herrera steals 2nd base
2-1: SINGLE (Flyball, 89S)
Alonzo Herrera to third
Runner from 3rd tries for Home, SAFE, no throw or cutoff
Pitching: RHP Dan Gibson
Batting: SHB Clint Woods 0-0: SINGLE (Line Drive, 34)
Thomas Simmons to second
Batting: RHB Mike Ingram 0-0: SINGLE (Flyball, 9S)
Thomas Simmons to third
Clint Woods to second
Runner from 3rd tries for Home, SAFE, no throw or cutoff
Batting: RHB Eric Knight 0-0: Ball
1-0: Called Strike
1-1: Ball
2-1: Ball
3-1: Foul Ball, location: 2F
3-2: Strikes out swinging
Batting: LHB Rod Blevins 0-0: Foul Ball, location: 2F
0-1: Ball
1-1: Foul Ball, location: 2F
1-2: Foul Ball, location: 2F
1-2: Ball
2-2: Ball
3-2: SINGLE (Groundball, 34S)
Clint Woods to third
Mike Ingram to second
Clint Woods scores
Mike Ingram to third
Batting: RHB Javier Peña 0-0: Ball
1-0: Ball
2-0: Called Strike
2-1: Foul Ball, location: 2F
2-2: Strikes out looking
Bottom of the 6th over - 3 run(s), 5 hit(s), 0 error(s), 2 left on base; Montgomery 0 - State College 4
TOP OF THE 7TH
Montgomery Grey Sox batting - Pitching for State College Spikes : LHP Alberto Ruíz
Pitching: RHP António Córdova
Batting: RHB Bryant von Bohlen 0-0: Called Strike
0-1: Ball
1-1: Foul Ball, location: 2F
1-2: SINGLE (Groundball, 6MD)
Batting: LHB Bob Jones 0-0: Called Strike
0-1: Ball
1-1: Ball
2-1: Foul Ball, location: 2F
2-2: Ball
3-2: Base on Balls
Bryant von Bohlen to second
Batting: SHB Joe Pierce 0-0: Swinging Strike
0-1: Swinging Strike
0-2: Strikes out swinging
Batting: SHB Hoyt Norris 0-0: Called Strike
0-1: Swinging Strike
0-2: Ball
1-2: Ball
2-2: Foul Ball, location: 2F
2-2: Ball
3-2: Strikes out swinging
Batting: RHB Félix Cruz 0-0: Ball
1-0: Ball
2-0: Ball
3-0: Base on Balls
Bryant von Bohlen to third
Bob Jones to second
Batting: RHB José Montoya 0-0: Swinging Strike
0-1: Called Strike
0-2: Foul Ball, location: 2F
0-2: Ball
1-2: Ball
2-2: Foul Ball, location: 2F
2-2: Strikes out looking
Top of the 7th over - 0 run(s), 1 hit(s), 0 error(s), 3 left on base; Montgomery 0 - State College 4
BOTTOM OF THE 7TH
State College Spikes batting - Pitching for Montgomery Grey Sox : RHP Dan Gibson
Batting: RHB Nick Mackin 0-0: Ball
1-0: SINGLE (Flyball, 8RS)
Batting: RHB Joaquín Vásquez 0-0: Bunted foul
0-1: Sac Bunt - play at first, batter OUT! 1-4
Nick Mackin to second
Batting: RHB Alonzo Herrera 0-0: Swinging Strike
0-1: Foul Ball, location: 2F
0-2: Strikes out swinging
Batting: SHB Thomas Simmons 0-0: Ball
1-0: Foul Ball, location: 2F
1-1: Swinging Strike
1-2: Strikes out looking
Bottom of the 7th over - 0 run(s), 1 hit(s), 0 error(s), 1 left on base; Montgomery 0 - State College 4
TOP OF THE 8TH
Montgomery Grey Sox batting - Pitching for State College Spikes : RHP António Córdova
Batting: RHB Frederick Curtis 0-0: Ball
1-0: Fly out, F5 (Popup, 5S)
Batting: RHB José Carlos Caraballo 0-0: Called Strike
0-1: Ball
1-1: Foul Ball, location: 2F
1-2: Strikes out swinging
Batting: SHB Marvin López 0-0: Ball
1-0: Ball
2-0: Foul Ball, location: 2F
2-1: Foul Ball, location: 2F
2-2: Fly out, F8 (Flyball, 8RS)
Top of the 8th over - 0 run(s), 0 hit(s), 0 error(s), 0 left on base; Montgomery 0 - State College 4
BOTTOM OF THE 8TH
State College Spikes batting - Pitching for Montgomery Grey Sox : RHP Dan Gibson
Batting: SHB Clint Woods 0-0: Foul Ball, location: 2F
0-1: Ball
1-1: Ball
2-1: Ball
3-1: Foul Ball, location: 2F
3-2: Foul Ball, location: 2F
3-2: Foul Ball, location: 2F
3-2: Fly out, F7 (Flyball, 7M)
Pitching: RHP Matt Kinnieson
Batting: RHB Mike Ingram 0-0: Ball
1-0: Ball
2-0: Called Strike
2-1: Swinging Strike
2-2: Foul Ball, location: 2F
2-2: Fly out, F7 (Line Drive, 7M)
Batting: RHB Eric Knight 0-0: Ball
1-0: Ball
2-0: Ball
3-0: Base on Balls
Batting: LHB Rod Blevins 0-0: Foul Ball, location: 2F
0-1: Foul Ball, location: 2F
0-2: Ball
1-2: Ball
2-2: Ball
3-2: Fly out, F9 (Popup, 34D)
Bottom of the 8th over - 0 run(s), 0 hit(s), 0 error(s), 1 left on base; Montgomery 0 - State College 4
TOP OF THE 9TH
Montgomery Grey Sox batting - Pitching for State College Spikes : RHP António Córdova
Batting: RHB Bryant von Bohlen 0-0: Ball
1-0: SINGLE (Groundball, 56D)
Batting: LHB Bob Jones 0-0: Called Strike
0-1: Fly out, F6 (Line Drive, 56)
Batting: SHB Joe Pierce 0-0: Fly out, F6 (Popup, 56D)
Batting: SHB Hoyt Norris 0-0: Ball
1-0: Called Strike
1-1: Ball
2-1: Foul Ball, location: 2F
2-2: Foul Ball, location: 2F
2-2: Fly out, F7 (Flyball, 7M)
Top of the 9th over - 0 run(s), 1 hit(s), 0 error(s), 1 left on base; Montgomery 0 - State College 4
Monday, December 5th, 2016 - OOTP Baseball 17.12 Build 75